 Dungeon Crawl Stone Soup version 0.21.1-1-g345015fe64 (webtiles) character file.

44478 Jannitor the Jinx (level 13, -11/101 HPs)
             Began as a Demonspawn Enchanter on Apr 1, 2018.
             Mangled by a shambling mangrove (27 damage)
             ... on level 3 of the Abyss on Apr 2, 2018.
             The game lasted 01:46:45 (33398 turns).

Jannitor the Jinx (Demonspawn Enchanter)           Turns: 33398, Time: 01:46:45

Health: -11/101    AC:  8    Str: 19      XL:     13   Next: 96%
Magic:  15/23      EV: 13    Int: 13 (17) God:    Xom [*.....]
Gold:   136        SH: 13    Dex: 23      Spells: 2/26 levels left

rFire    . . .     SeeInvis +   k - +0 rapier "Yrot" {vamp, rElec}
rCold    . . .     Gourm    .   i - +2 buckler {rN+}
rNeg     + . .     Faith    .   v - +0 acid dragon scales
rPois    .         Spirit   .   (helmet restricted)
rElec    +         Reflect  +   (no cloak)
rCorr    +         Harm     .   q - +2 pair of gloves
MR       +....     Clarity  +   m - +0 pair of boots Stlth ++++++....Rnd*Tele +
                                n - +5 amulet of reflection
HPRegen  0.26/turn              E - ring of wizardry
MPRegen  0.18/turn              e - +6 ring of strength

@: agile, grasped by roots, very slightly contaminated, hasted (expiring),
drained, quick
A: claws 2, hooves 1, horns 1, see invisible, agile 1, clarity, deformed body,
foul stench 1, magic resistance 1, nightstalker 1, strong 1, teleportitis 1, rot
immunity, sturdy frame 3
a: Renounce Religion


You were on level 3 of the Abyss.
You worshipped Xom.
You were a special plaything of Xom.
You were not hungry.

You visited 4 branches of the dungeon, and saw 20 of its levels.
You visited the Abyss 1 time.
You also visited: Labyrinth and Sewer.

You collected 1787 gold pieces.
You spent 1651 gold pieces at shops.

Inventory:

Hand Weapons
 k - the +0 rapier "Yrot" (weapon) {vamp, rElec}
   (You found it on level 1 of the Lair of Beasts)

   It inflicts no extra harm, but heals its wielder when it wounds a living foe.
   It insulates you from electricity.
 l - a +2 dagger of protection
 I - a +1 dagger of chaos
 Q - a +1 dagger of venom
Armour
 i - a +2 buckler of positive energy (worn)
 j - a +1 helmet of intelligence
 m - a +0 pair of boots (worn)
 q - a +2 pair of gloves (worn)
 v - +0 acid dragon scales (worn)
 H - a +0 leather armour of cold resistance
Jewellery
 e - a +6 ring of strength (right hand)
 n - a +5 amulet of reflection (around neck)
 C - an uncursed ring of ice
 E - a ring of wizardry (left hand)
 R - an uncursed ring of resist corrosion
Wands
 b - a wand of flame (15)
 x - a wand of iceblast (1)
 z - a wand of enslavement (7)
 A - a wand of clouds (4)
 D - a wand of random effects (57)
 F - a wand of disintegration (10)
Scrolls
 f - 8 scrolls of remove curse
 r - 2 scrolls of amnesia
 s - 2 scrolls of enchant weapon
 u - 5 scrolls of identify
 B - 2 scrolls of fear
 J - a scroll of magic mapping
 L - 2 scrolls of fog
 P - a scroll of enchant armour
Potions
 w - a potion of magic
 G - a potion of agility
 K - 3 potions of flight
 M - a potion of brilliance
Books
 c - a book of Maledictions

   Spells                             Type                      Level
   a - Corona                         Hexes                        1
   b - Ensorcelled Hibernation        Hexes/Ice                    2
   c - Confuse                        Hexes                        3
   d - Tukima's Dance                 Hexes                        3
   e - Dazzling Spray                 Conjuration/Hexes            3
 g - a book of Minor Magic

   Spells                             Type                      Level
   a - Magic Dart                     Conjuration                  1
   b - Blink                          Translocation                2
   c - Call Imp                       Summoning                    2
   d - Slow                           Hexes                        2
   e - Conjure Flame                  Conjuration/Fire             3
   f - Mephitic Cloud                 Conjuration/Poison/Air       3
 t - a book of Misfortune

   Spells                             Type                      Level
   a - Confusing Touch                Hexes                        1
   b - Confuse                        Hexes                        3
   c - Gell's Gravitas                Translocation                3
   d - Petrify                        Transmutation/Earth          4
   e - Metabolic Englaciation         Hexes/Ice                    5
   f - Yara's Violent Unravelling     Hexes/Transmutation          5
Miscellaneous
 O - a lamp of fire (inert)
 U - a box of beasts
Comestibles
 d - 17 rations


   Skills:
 - Level 9.1(8.6) Fighting
 - Level 8.6(8.1) Short Blades
 - Level 5.1(4.7) Armour
 - Level 3.9(3.5) Dodging
 + Level 8.8(8.3) Stealth
 * Level 3.9(3.5) Shields
 - Level 7.0(6.6) Spellcasting
 - Level 9.4(8.9) Hexes
 - Level 3.4(3.0) Translocations
 - Level 5.8(5.4) Transmutations
 - Level 4.2(3.7) Ice Magic
 - Level 5.8(5.4) Earth Magic
 - Level 7.2(6.7) Evocations


You had 2 spell levels left.
You knew the following spells:

 Your Spells              Type           Power        Failure   Level  Hunger
a - Metabolic Englaciati  Hex/Ice        ###.......   13%         5    ######.
b - Ensorcelled Hibernat  Hex/Ice        ###...       1%          2    #......
c - Confuse               Hex            ####....     1%          3    ###....
d - Tukima's Dance        Hex            ####....     1%          3    ###....
e - Petrify               Tmut/Erth      ###.....     8%          4    ####...
f - Blink                 Tloc           N/A          2%          2    #......
g - Yara's Violent Unrav  Hex/Tmut       ###.......   10%         5    ######.


Dungeon Overview and Level Annotations

Branches:
Dungeon (12/15)            Temple (1/1) D:6            Lair (5/6) D:9
 Shoals (0/4) Lair:4       Spider (0/4) Lair:3        Slime (0/5) Lair:5
    Orc (2/2) D:10            Elf (0/3) Orc:2

Altars:
Ashenzari
Cheibriados
Dithmenos
Elyvilon
Fedhas
Gozag
Hepliaklqana
Kikubaaqudgha
Makhleb
Nemelex Xobeh
Okawaru
Qazlal
Ru
Sif Muna
Trog
Uskayaw
Vehumet
Wu Jian
Xom
Yredelemnul
Zin
The Shining One
Beogh

Shops:
D:6 }   D:7 }   Orc:1 *   Orc:2 *[*}[

Portals:
Pandemonium: Orc:2

Annotations:
D:2 exclusion: sky beast, Sigmund
D:9 exclusion: downstairs
D:12 Nergalle
Lair:3 exclusion: ice statue


Innate Abilities, Weirdness & Mutations

You have very sharp fingernails.
You may emit foul miasma when damaged in melee.
You are slightly more attuned to the shadows.
You are immune to rotting.
Your movements are significantly less encumbered by armour. (ER -6)
You have large cloven feet.
You have a pair of small horns on your head.
You have supernaturally acute eyesight. (SInv)
You are agile. (Dex +2)
You possess an exceptional clarity of mind.
Armour fits poorly on your strangely shaped body.
You are resistant to hostile enchantments. (MR+)
Your muscles are strong. (Str +2)
You are occasionally teleported next to monsters.


Message History

Your crimson imp hits the tentacled monstrosity but does no damage.
Your crimson imp barely misses the tentacled monstrosity.
The quasit closely misses your crimson imp.
The quasit claws your crimson imp.
The quasit barely misses your crimson imp.
The tentacled monstrosity tentacle-slaps your crimson imp.
The tentacled monstrosity closely misses your crimson imp.
The tentacled monstrosity tentacle-slaps your crimson imp but does no damage.
The tentacled monstrosity grabs your crimson imp.
The tentacled monstrosity constricts your crimson imp!
You block the shambling mangrove's attack.
Roots rise up from beneath your crimson imp and drag it to the ground.
The quasit completely misses your crimson imp.
The quasit claws your crimson imp but does no damage. x2
Your crimson imp struggles to escape constriction.
Your crimson imp blinks!
The tentacled monstrosity loses its grip on something.
The shambling mangrove hits you!!
You die...
Xom laughs nastily!

## . ∩ t ..#
# # ≈ #.# # ≈
#.# § ≈ X≈
##.##### .# .
≈ . #@.t.X.#
§ # .. ≈
#.f###.#### §
§##. w≈≈.
#...5.§53.# #
..#
#....##5###.#
## ####..# #
#. ...##5## #
## # .#.55##
. . #.......
# .## ###
#####.##### #


You could see a tentacled monstrosity, a shambling mangrove, an apocalypse crab
(wandering) and a friendly crimson imp.

Vanquished Creatures
  Gastronok (D:10)
  Snorg (D:9)
  An ettin (Orc:1)
  2 hydras (D:11)
  Fannar (D:10)
  An ice dragon (Lair:3)
  The ghost of Peloso the Carver, a novice MiFi of Okawaru (D:9)
  4 orc high priests (Orc:2)
  A sun demon (Orc:2)
  A sixfirhy (Abyss:3)
  A gelid demonspawn (Orc:2)
  A necromancer (Lair:4)
  An unseen horror (D:11)
  Pikel (D:7)
  5 orc knights
  6 orc sorcerers
  3 cyclopes
  A centaur zombie (D:10)
  A rust devil (Orc:2)
  Psyche (D:9)
  A black mamba (Lair:4)
  2 elephants (Lair:4)
  6 spiny frogs
  2 rime drakes
  An ancient zyme (Abyss:3)
  3 komodo dragons
  6 polar bears (Lair:3)
  A killer bee (D:9)
  7 trolls
  A hornet (Orc:2)
  5 blink frogs (Lair:5)
  A wind drake (Orc:2)
  A fire dragon zombie (Abyss:3)
  3 hippogriffs
  A spriggan (D:7)
  2 wyverns
  2 wraiths (Orc:2)
  8 yaks
  A human (D:7)
  3 hogs (D:7)
  3 neqoxecs
  A hungry ghost (D:9)
  Menkaure (D:6)
  An acid dragon (D:11)
  A warg (Orc:1)
  6 water moccasins
  5 porcupines
  A hornet zombie (D:10)
  24 orc warriors
  2 eyes of draining
  5 ice beasts
  4 sky beasts
  A slave (D:7)
  4 black bears
  The ghost of crossborder the Slasher, an amateur DrSk (D:4)
  2 necrophages
  8 ogres
  6 wolves (Lair:2)
  4 centaurs
  8 crocodiles
  A big kobold (Sewer)
  11 bullfrogs
  5 scorpions
  A wyvern skeleton (D:11)
  3 wights (D:9)
  4 howler monkeys
  7 crimson imps
  A bullfrog zombie (D:6)
  7 jellies
  7 hounds
  A bullfrog skeleton (D:7)
  29 orc priests
  A centaur skeleton (D:9)
  Jessica (D:2)
  3 iguanas
  17 orc wizards
  4 worker ants
  2 wolf simulacra (Lair:4)
  2 hound zombies
  2 hound skeletons
  A worker ant zombie (D:10)
  Robin (D:1)
  8 gnolls
  8 adders
  2 river rats (Sewer)
  3 shadow imps
  2 white imps (Lair:3)
  6 oozes
  An adder zombie (D:5)
  2 adder skeletons
  A worm (D:3)
  5 dart slugs
  7 leopard geckos
  78 orcs
  2 bats
  3 giant cockroaches
  13 goblins
  5 hobgoblins
  A jackal (Sewer)
  3 quokkas
  A frilled lizard (D:4)
  A giant cockroach zombie (D:5)
  A jackal skeleton (D:5)
  8 kobolds
  A leopard gecko skeleton (D:5)
  8 rats
  4 river rat simulacra (Lair:4)
  2 plants (D:9)
  2 tentacles (Abyss:3)
469 creatures vanquished.

Vanquished Creatures (collateral kills)
  3 orc high priests (Orc:2)
  2 orc knights
  2 orc sorcerers
  2 elephants (Lair:4)
  A blink frog (Lair:5)
  A hippogriff (Lair:1)
  A wraith (Orc:2)
  A yak (D:9)
  A basilisk (Lair:1)
  2 water moccasins (Lair:1)
  A porcupine (Lair:1)
  7 orc warriors
  2 killer bees (D:9)
  An ogre (D:6)
  A scorpion (D:9)
  2 wights (D:9)
  A crimson imp (D:9)
  2 wolf simulacra (Lair:4)
  2 gnolls (Orc:1)
  4 orcs
  A river rat simulacrum (Lair:4)
40 creatures vanquished.

Vanquished Creatures (others)
  An orc high priest (Orc:2)
  A wraith (Orc:2)
  7 dancing weapons
  An ogre (D:7)
  A small abomination (Abyss:3)
  2 killer bees (D:9)
  A hound (D:7)
  A jelly (D:7)
  An orc priest (Orc:2)
  A worker ant (D:7)
  A yak simulacrum (Lair:4)
  A polar bear simulacrum (Lair:4)
  A leopard gecko (D:7)
  2 orcs (D:7)
  56 fungi
  27 plants
  2 starspawn tentacles (Abyss:3)
  2 tentacles (Abyss:3)
109 creatures vanquished.

Grand Total: 618 creatures vanquished

Notes
Turn   | Place    | Note
-------+----------+-------------------------------------------
     0 | D:1      | Jannitor the Demonspawn Enchanter began the quest for the Orb.
     0 | D:1      | Reached XP level 1. HP: 13/13 MP: 3/3
    63 | D:1      | Reached skill level 1 in Short Blades
   719 | D:1      | Gained mutation: Your movements are slightly less encumbered by armour. (ER -2) [demonic ancestry]
   719 | D:1      | Reached XP level 2. HP: 19/19 MP: 5/5
  1195 | D:2      | Learned a level 2 spell: Ensorcelled Hibernation
  1387 | D:2      | Noticed a sky beast
  1593 | D:2      | Found a glowing silver altar of Zin.
  1843 | D:2      | Noticed Jessica
  1941 | D:1      | Reached XP level 3. HP: 24/24 MP: 6/6
  2104 | D:2      | Killed Jessica
  2135 | D:2      | Noticed Robin
  2275 | D:2      | HP: 1/24 [goblin[Robin] (4)]
  2544 | D:2      | Learned a level 3 spell: Confuse
  2685 | D:2      | Noticed Sigmund
  2764 | D:1      | Killed Robin
  2764 | D:1      | Reached XP level 4. HP: 14/30 MP: 1/7
  3162 | D:2      | Reached skill level 1 in Ice Magic
  3588 | D:3      | Found an iron altar of Okawaru.
  3634 | D:3      | Found a white marble altar of Elyvilon.
  4140 | D:3      | Gained mutation: Your movements are less encumbered by armour. (ER -4) [demonic ancestry]
  4140 | D:3      | Reached XP level 5. HP: 25/35 MP: 8/8
  4442 | D:4      | Found an iron altar of Okawaru.
  4442 | D:4      | Noticed an ogre
  4455 | D:3      | Killed an ogre
  4455 | D:3      | Reached skill level 1 in Fighting
  4489 | D:4      | Noticed crossborder's ghost (amateur DrSk)
  4556 | D:4      | Killed crossborder's ghost
  4556 | D:4      | Reached XP level 6. HP: 43/43 MP: 6/9
  4565 | D:4      | Found a hide-covered altar of Uskayaw.
  4580 | D:4      | Reached skill level 5 in Hexes
  4697 | D:4      | Noticed a dagger
  4698 | D:4      | Noticed a dagger
  4745 | D:4      | Learned a level 3 spell: Tukima's Dance
  4908 | D:4      | Reached XP level 7. HP: 36/50 MP: 2/10
  5597 | D:5      | Entered Level 5 of the Dungeon
  5765 | D:5      | Found a glowing drain.
  5774 | Sewer    | Entered a sewer
  5985 | Sewer    | Found a white marble altar of Elyvilon.
  6127 | D:5      | Found a bloodstained altar of Trog.
  6558 | D:5      | Gained mutation: You have sharp fingernails. [demonic ancestry]
  6558 | D:5      | Reached XP level 8. HP: 40/58 MP: 6/12
  6810 | D:5      | Found an opulent altar of Gozag.
  7274 | D:6      | Noticed Menkaure
  7336 | D:5      | Learned a level 4 spell: Petrify
  7605 | D:6      | Killed Menkaure
  7605 | D:6      | Reached skill level 5 in Stealth
  7626 | D:6      | Reached skill level 1 in Earth Magic
  7823 | D:6      | Found Focafru's Gadget Shop.
  7930 | D:6      | Bought a wand of paralysis (12) for 210 gold pieces
  7943 | D:6      | Got a brightly glowing buckler
  7949 | D:6      | Identified the +0 buckler "Cuxidd Dapp" {+Fly Str-4 Dex+4 Slay-4} (You found it on level 6 of the Dungeon)
  7970 | D:6      | Found a deep blue altar of Sif Muna.
  8009 | D:6      | Identified Sif Muna's Almanac of Feathers
  8308 | D:6      | Found a staircase to the Ecumenical Temple.
  8314 | Temple   | Entered the Ecumenical Temple
  8633 | D:6      | Gained mutation: You have very sharp fingernails. [demonic ancestry]
  8633 | D:6      | Reached XP level 9. HP: 65/65 MP: 5/14
  8708 | D:6      | Found an ancient bone altar of Kikubaaqudgha.
  8715 | D:6      | Found a stormy altar of Qazlal.
  8808 | D:7      | Found a shimmering altar of Xom.
  9380 | D:7      | Became a worshipper of Xom of Chaos
  9500 | D:7      | Found a hazy altar of Hepliaklqana.
  9502 | D:7      | XOM: silly message
  9542 | D:7      | Reached skill level 1 in Evocations
  9587 | D:7      | XOM: medium Hex miscast
  9684 | D:7      | XOM: blink monster(s)
  9689 | D:7      | XOM: swap monsters
  9691 | D:7      | XOM: polymorph hog -> spriggan
  9705 | D:7      | XOM: harmless Hex miscast
  9745 | D:7      | XOM: summons 4 hostile shadow creatures
  9752 | D:7      | XOM: confuse monster(s)
  9761 | D:7      | XOM: cast spell 'Cause Fear'
  9953 | D:7      | XOM: noise
  9955 | D:7      | XOM: summons friendly shadow imp
 10002 | D:7      | XOM: medium Necr miscast
 10226 | D:7      | XOM: summons 4 hostile demons
 10522 | D:7      | Found Goirch's Gadget Shoppe.
 10644 | D:7      | Found a sacrificial altar of Ru.
 10815 | D:8      | XOM: mild Conj miscast
 10833 | D:8      | XOM: fog
 10970 | D:8      | XOM: scenery: create altars
 11139 | D:8      | XOM: god gift: 22 stones
 11265 | D:8      | Reached skill level 5 in Fighting
 11316 | D:8      | Noticed Pikel
 11321 | D:7      | XOM: potion effect (heal wounds)
 11322 | D:7      | XOM: noise
 11353 | D:8      | XOM: harmless Chrm miscast
 11356 | D:7      | Killed Pikel
 11356 | D:7      | Reached skill level 5 in Short Blades
 11678 | D:9      | Noticed Psyche
 11685 | D:9      | Killed Psyche
 11685 | D:9      | Gained mutation: Your movements are significantly less encumbered by armour. (ER -6) [demonic ancestry]
 11685 | D:9      | Reached XP level 10. HP: 67/74 MP: 5/17
 11745 | D:9      | Reached skill level 5 in Spellcasting
 11852 | D:9      | XOM: 2-stop teleportation journey
 11882 | D:9      | XOM: harmless Chrm miscast
 11996 | D:9      | Noticed Peloso's ghost (novice MiFi)
 12138 | D:9      | Reached skill level 1 in Armour
 12275 | D:9      | XOM: confusion
 12279 | D:9      | XOM: harmless Ice miscast
 12280 | D:9      | XOM: confusion
 12281 | D:9      | XOM: severe Necr miscast
 12331 | D:9      | XOM: harmless Necr miscast
 12533 | D:9      | XOM: blink monster(s)
 12598 | D:9      | XOM: confusion
 12628 | D:9      | XOM: summons 1 hostile demon
 12664 | D:9      | Found a staircase to the Lair.
 12666 | D:9      | XOM: medium Erth miscast
 12913 | D:9      | XOM: blink monster(s)
 13052 | D:9      | XOM: harmless Erth miscast
 13069 | D:9      | XOM: noise
 13083 | D:9      | XOM: polymorph killer bee -> ice beast
 13098 | D:9      | XOM: give mutations
 13098 | D:9      | Gained mutation: You are frail. (-10% HP) [Xom's mischief]
 13098 | D:9      | Gained mutation: Scrolls take you a little longer to read. [Xom's mischief]
 13185 | D:9      | XOM: cast spell 'Alistair's Intoxication'
 13186 | D:9      | XOM: silly message
 13200 | D:9      | Reached skill level 1 in Transmutations
 13204 | D:9      | XOM: summons 10 friendly demons
 13230 | D:9      | XOM: mild Hex miscast
 13300 | D:9      | XOM: noise
 13499 | D:9      | XOM: confusion (+ monsters)
 13548 | D:9      | Killed Peloso's ghost
 13873 | D:10     | Entered Level 10 of the Dungeon
 13899 | D:10     | Noticed Snorg
 13942 | D:9      | XOM: fog
 13986 | D:9      | XOM: fake destruction
 13990 | D:9      | XOM: potion effect (magic)
 13991 | D:9      | XOM: mild Summ miscast
 14126 | D:9      | XOM: harmless Tmut miscast
 14281 | D:9      | Learned a level 2 spell: Blink
 14373 | D:9      | XOM: medium Conj miscast
 14501 | D:9      | XOM: harmless Chrm miscast
 14670 | D:9      | XOM: god gift: chain mail {god gift}
 14707 | Lair:1   | Entered Level 1 of the Lair of Beasts
 14782 | Lair:1   | XOM: summons 5 friendly demons
 14853 | Lair:1   | Gained mutation: You are immune to rotting. [demonic ancestry]
 14853 | Lair:1   | Reached XP level 11. HP: 56/72 MP: 6/19
 14892 | Lair:1   | XOM: 3-stop teleportation journey
 15012 | Lair:1   | XOM: 7-stop teleportation journey
 15149 | Lair:1   | Got a crystal rapier
 15152 | Lair:1   | Identified the cursed +0 rapier "Yrot" {vamp, rElec} (You found it on level 1 of the Lair of Beasts)
 15246 | Lair:1   | XOM: cast spell 'Summon Dragon'
 15257 | Lair:1   | XOM: scenery: create altars
 15529 | Lair:2   | XOM: stealth player
 15720 | Lair:2   | XOM: smoke on damage
 15748 | Lair:2   | XOM: confuse monster(s)
 15760 | Lair:2   | XOM: confuse monster(s)
 15803 | Lair:2   | XOM: enchant monster (bad)
 15808 | Lair:2   | XOM: polymorph komodo dragon -> cyclops
 15816 | Lair:2   | XOM: potion effect (haste)
 16008 | Lair:2   | XOM: destruction
 16025 | Lair:2   | Identified the cursed +3 long sword of Valuable Assets {vamp, rElec} (You found it on level 2 of the Lair of Beasts)
 16188 | Lair:2   | Identified a scroll of acquirement
 16254 | Lair:2   | XOM: give mutation
 16254 | Lair:2   | Gained mutation: You possess an exceptional clarity of mind. [Xom's grace]
 16391 | Lair:3   | XOM: 10-stop teleportation journey
 16437 | Lair:3   | Found a hole to the Spider Nest.
 16450 | Lair:3   | XOM: confuse monster(s)
 16459 | Lair:3   | XOM: scenery: create altars
 16552 | Lair:3   | Reached skill level 5 in Earth Magic
 16556 | Lair:3   | Noticed an ice dragon
 16556 | Lair:3   | XOM: confuse monster(s)
 16560 | Lair:3   | XOM: smoke on damage
 16566 | Lair:3   | Killed an ice dragon
 16566 | Lair:3   | Reached skill level 5 in Evocations
 16575 | Lair:3   | XOM: summons friendly white imp
 16602 | Lair:3   | XOM: smoke on damage
 16894 | Lair:3   | XOM: summons friendly white imp
 16903 | Lair:3   | XOM: cleaving
 16923 | Lair:3   | XOM: polymorph white imp -> shadow imp
 17004 | Lair:3   | XOM: divination: detect items
 17191 | Lair:3   | XOM: cleaving
 17839 | Lair:3   | XOM: mild Necr miscast
 17900 | Lair:3   | XOM: divination: detect creatures
 18085 | Lair:4   | Found a staircase to the Shoals.
 18143 | Lair:4   | Learned a level 5 spell: Yara's Violent Unravelling
 18154 | Lair:4   | XOM: 1-stop teleportation journey
 18410 | Lair:4   | Noticed a necromancer
 18426 | Lair:4   | XOM: butterfly on damage
 18429 | Lair:4   | Killed a necromancer
 18429 | Lair:4   | Gained mutation: You are slightly more attuned to the shadows. [demonic ancestry]
 18429 | Lair:4   | Reached XP level 12. HP: 25/81 MP: 15/21
 18734 | Lair:4   | XOM: 3-stop teleportation journey
 18853 | Lair:4   | Noticed a four-headed hydra
 18873 | Lair:4   | XOM: divination: magic mapping
 18881 | Lair:4   | XOM: blink monster(s)
 18897 | Lair:4   | HP: 4/81 [four-headed hydra (15)]
 19024 | Lair:4   | XOM: mild Chrm miscast
 19749 | Lair:4   | XOM: draining
 19774 | Lair:5   | XOM: noise
 19785 | Lair:5   | XOM: swap monsters
 19805 | Lair:5   | Found a staircase to the Slime Pits.
 19854 | Lair:4   | XOM: noise
 19856 | Lair:4   | XOM: mild Tloc miscast
 20145 | Lair:5   | XOM: 1-stop teleportation journey
 20149 | Lair:5   | XOM: 4-stop teleportation journey
 20172 | Lair:5   | XOM: swap monsters
 20282 | Lair:5   | XOM: blink monster(s)
 20288 | Lair:5   | XOM: mild Hex miscast
 20341 | Lair:5   | XOM: 4-stop teleportation journey
 20704 | Lair:5   | XOM: confuse monster(s)
 20721 | Lair:5   | XOM: give mutations
 20721 | Lair:5   | Lost mutation: Scrolls take you a little longer to read. [Xom's grace]
 20721 | Lair:5   | Gained mutation: You have supernaturally acute eyesight. (SInv) [Xom's grace]
 20721 | Lair:5   | Gained mutation: You are resistant to hostile enchantments. (MR+) [Xom's grace]
 20840 | Lair:4   | XOM: summons 3 friendly demons
 21182 | Lair:3   | XOM: god gift: potion of heal wounds
 21265 | D:9      | Learned a level 5 spell: Metabolic Englaciation
 21581 | D:10     | Found a roughly hewn altar of Beogh.
 21582 | D:10     | Found a staircase to the Orcish Mines.
 21656 | D:10     | Found a shadowy altar of Dithmenos.
 21761 | D:10     | XOM: scenery: create altars
 21880 | D:10     | Reached skill level 5 in Transmutations
 21889 | D:10     | Noticed Gastronok
 21909 | D:10     | Killed Gastronok
 21909 | D:10     | Reached skill level 5 in Armour
 21954 | D:10     | XOM: divination: magic mapping
 22094 | D:10     | XOM: 3-stop teleportation journey
 22119 | D:10     | XOM: scenery: create altars
 22443 | D:10     | Noticed Fannar
 22454 | D:10     | XOM: destruction
 22464 | D:10     | Killed Fannar
 22522 | D:10     | XOM: give mutations
 22522 | D:10     | Gained mutation: You have a pair of small horns on your head. [Xom's grace]
 22522 | D:10     | Gained mutation: Your spells are a little harder to cast, but a little more powerful. [Xom's grace]
 22522 | D:10     | Gained mutation: You are agile. (Dex +2) [Xom's grace]
 22585 | D:10     | XOM: cloud trail
 22763 | Orc:1    | Entered Level 1 of the Orcish Mines
 22776 | D:10     | XOM: scenery: 1 fountains blood, 2 doors close
 22921 | D:10     | XOM: destruction
 22921 | D:10     | XOM: smoke on damage
 22956 | D:10     | XOM: polymorph orc warrior -> centaur
 23040 | D:9      | XOM: god gift: 39 gold pieces
 23137 | D:9      | Killed Snorg
 23254 | D:10     | XOM: summons 12 friendly demons
 23531 | D:10     | XOM is BORED!
 23531 | D:10     | XOM: summons 4 hostile shadow creatures
 23694 | D:10     | XOM: butterfly on damage
 23696 | D:10     | XOM: confuse monster(s)
 23995 | D:10     | XOM: god gift: wand of acid (4)
 24210 | D:10     | XOM: fake destruction
 24212 | D:10     | XOM: scenery: 2 doors open
 24265 | D:10     | XOM: smoke on damage
 24266 | D:10     | XOM: 2-stop teleportation journey
 24436 | D:10     | XOM: divination: detect items
 24799 | Orc:1    | XOM: god gift: scroll of fog
 24907 | Orc:1    | Noticed an ettin
 24914 | Orc:1    | Found a roughly hewn altar of Beogh.
 24919 | Orc:1    | Found Xutag's General Store.
 25048 | Orc:1    | Killed an ettin
 25048 | Orc:1    | Gained mutation: You may emit foul miasma when damaged in melee. [demonic ancestry]
 25048 | Orc:1    | Reached XP level 13. HP: 88/88 MP: 5/22
 25528 | Orc:2    | Entered Level 2 of the Orcish Mines
 25553 | Orc:1    | Reached skill level 1 in Translocations
 25653 | Orc:2    | Paralysed by an orc sorcerer for 2 turns
 25743 | Orc:1    | XOM: god gift: sack of spiders
 26123 | Orc:2    | XOM: god gift: 8 needles of paralysis
 26195 | Orc:2    | XOM: scenery: create altars
 26341 | Orc:2    | Found a staircase to the Elven Halls.
 26349 | Orc:2    | XOM: enchant monster (good)
 26354 | Orc:2    | Noticed Josephine
 26359 | Orc:2    | XOM: noise
 26398 | Orc:2    | XOM: god gift: box of beasts
 26470 | Orc:2    | XOM: noise
 26599 | Orc:2    | Gained mutation: You are occasionally teleported next to monsters. [a neqoxec]
 26619 | Orc:2    | XOM: noise
 26806 | Orc:1    | XOM: god gift: 24 gold pieces
 27031 | Orc:2    | Found Noudgh's General Store.
 27095 | Orc:2    | XOM: divination: magic mapping
 27102 | Orc:2    | XOM: divination: detect creatures
 27190 | Orc:1    | XOM: cloud trail
 27262 | Orc:2    | XOM: potion effect (brilliance)
 27316 | Orc:2    | Found Cituaz's General Store.
 27339 | Orc:2    | XOM: potion effect (magic)
 27340 | Orc:2    | XOM: potion effect (invisibility)
 27540 | Orc:2    | XOM: potion effect (might)
 27551 | Orc:2    | XOM: harmless Tmut miscast
 27580 | Orc:2    | XOM: potion effect (magic)
 27688 | Orc:2    | XOM: divination: detect items
 27706 | Orc:2    | XOM: potion effect (might)
 27738 | Orc:2    | XOM: potion effect (curing)
 28147 | Orc:1    | XOM: divination: detect creatures
 28191 | Orc:1    | XOM: noise
 28599 | Orc:2    | Found Kuti's Armour Shoppe.
 28622 | Orc:2    | Bought a +2 buckler of positive energy for 314 gold pieces
 28655 | Orc:2    | XOM: mild Pois miscast
 28702 | Orc:2    | XOM: give mutations
 28702 | Orc:2    | Gained mutation: You are highly resistant to hostile enchantments. (MR++) [Xom's grace]
 28702 | Orc:2    | Gained mutation: You have a pair of horns on your head. [Xom's grace]
 28702 | Orc:2    | Gained mutation: You have large cloven feet. [Xom's grace]
 28766 | Orc:2    | XOM: god gift: potion of degeneration
 28808 | Orc:2    | XOM: cleaving
 28811 | Orc:2    | Noticed Josephine
 28811 | Orc:2    | Josephine changed into Josephine the hornet
 28811 | Orc:2    | XOM: polymorph Josephine -> Josephine the hornet
 28816 | Orc:2    | Killed Josephine the hornet
 28976 | Orc:2    | XOM: severe Tmut miscast
 28976 | Orc:2    | Gained mutation: You expend magic power (3 MP) to strengthen your wands. [the severe capriciousness of Xom]
 29017 | Orc:2    | XOM: medium Erth miscast
 29493 | Orc:2    | XOM: summons 4 friendly demons
 29498 | Orc:2    | Reached skill level 1 in Shields
 29498 | Orc:2    | XOM: divine lightning
 29556 | Orc:2    | XOM: scenery: create altars
 29668 | Orc:2    | XOM: give mutations
 29668 | Orc:2    | Gained mutation: Your muscles are strong. (Str +2) [Xom's grace]
 29668 | Orc:2    | Gained mutation: Your muscles are very strong. (Str +4) [Xom's grace]
 29668 | Orc:2    | Gained mutation: You are very agile. (Dex +4) [Xom's grace]
 29830 | Orc:2    | XOM: god gift: scroll of teleportation
 29836 | Orc:2    | XOM: polymorph orc knight -> wind drake
 29859 | Orc:2    | XOM: chaos cloud
 30033 | Orc:1    | XOM: god gift: potion of haste
 30218 | Orc:2    | XOM: summons friendly white imp
 30219 | Orc:2    | XOM: cleaving
 30755 | Orc:2    | XOM: scenery: create altars
 30811 | Orc:2    | Found Reegae's Antique Armour Boutique.
 30811 | Orc:2    | Found Baukkid's Gadget Shop.
 30811 | Orc:2    | Found a one-way gate leading to the halls of Pandemonium.
 30813 | Orc:2    | Bought a dazzling leather armour for 189 gold pieces
 30823 | Orc:2    | Identified the +1 leather armour of Zin's Favour {rCorr Int+6} (You bought it in a shop on level 2 of the Orcish Mines)
 30825 | Orc:2    | Bought a wand of clouds (5) for 378 gold pieces
 30825 | Orc:2    | Bought a lamp of fire for 560 gold pieces
 30899 | Orc:2    | XOM: 4-stop teleportation journey
 30998 | D:11     | XOM: smoke on damage
 31149 | D:10     | XOM: scenery: 1 doors close
 31345 | D:11     | XOM: scenery: create altars
 31788 | D:11     | XOM: summons friendly quasit
 31950 | D:11     | XOM: medium Pois miscast
 32269 | D:11     | XOM: chaos cloud
 32285 | D:11     | XOM: summons 4 hostile demons
 32473 | D:11     | XOM: noise
 32505 | D:11     | XOM: mild Tmut miscast
 32517 | D:11     | XOM: give mutations
 32517 | D:11     | Lost mutation: You are frail. (-10% HP) [Xom's mischief]
 32517 | D:11     | Lost mutation: You are highly resistant to hostile enchantments. (MR++) [Xom's mischief]
 32517 | D:11     | Lost mutation: Your spells are a little harder to cast, but a little more powerful. [Xom's mischief]
 32519 | D:11     | XOM: torment (48/101 hp)
 32600 | D:12     | Found a labyrinth entrance.
 32627 | D:12     | XOM: 1-stop teleportation journey
 32683 | D:11     | XOM: medium Pois miscast
 32805 | D:11     | XOM: noise
 32831 | D:12     | Noticed Nergalle
 32833 | Lab      | Entered a labyrinth
 32936 | Lab      | XOM: severe Summ miscast
 32936 | Lab      | Cast into level 3 of the Abyss (the severe capriciousness of Xom)
 32941 | Abyss:3  | Found a corrupted altar of Lugonu.
 32978 | Abyss:3  | XOM: smoke on damage
 32978 | Abyss:3  | XOM: torment (56/101 hp)
 33096 | Abyss:3  | XOM: swap monsters
 33148 | Abyss:3  | XOM: give mutations
 33148 | Abyss:3  | Lost mutation: Your muscles are very strong. (Str +4) [Xom's mischief]
 33148 | Abyss:3  | Lost mutation: You expend magic power (3 MP) to strengthen your wands. [Xom's mischief]
 33148 | Abyss:3  | Lost mutation: You have a pair of horns on your head. [Xom's mischief]
 33148 | Abyss:3  | Lost mutation: You are very agile. (Dex +4) [Xom's mischief]
 33257 | Abyss:3  | Gained mutation: Armour fits poorly on your strangely shaped body. [a neqoxec]
 33264 | Abyss:3  | Noticed a shadow dragon
 33270 | Abyss:3  | XOM: enchant monster (bad)
 33273 | Abyss:3  | XOM: summons 4 hostile demons
 33284 | Abyss:3  | Found a corrupted altar of Lugonu.
 33321 | Abyss:3  | Noticed a kraken
 33330 | Abyss:3  | Noticed a tentacled starspawn
 33344 | Abyss:3  | XOM: enchant monster (bad)
 33344 | Abyss:3  | XOM: smoke on damage
 33347 | Abyss:3  | XOM: cast spell 'Summon Ice Beast'
 33371 | Abyss:3  | XOM: confuse monster(s)
 33390 | Abyss:3  | XOM: confuse monster(s)
 33391 | Abyss:3  | XOM: summons 6 friendly demons
 33393 | Abyss:3  | Noticed a tentacled monstrosity
 33398 | Abyss:3  | Mangled by a shambling mangrove

Skill      XL: |  1  2  3  4  5  6  7  8  9 10 11 12 13 |
---------------+----------------------------------------+-----
Short Blades   | 1 2 3 4 5 6 7 8 |  8.6
Dodging        | 2 3 |  3.9
Stealth        | 3 4 5 6 7 8 |  8.8
Hexes          | 4 5 6 7 8 9 |  9.4
Ice Magic      | 1 2 3 4 |  4.2
Fighting       | 1 2 3 4 5 6 7 8 9 |  9.1
Spellcasting   | 3 4 5 6 7 |  7.0
Earth Magic    | 1 3 4 5 |  5.8
Evocations     | 3 4 5 6 7 |  7.2
Armour         | 2 4 5 |  5.1
Transmutations | 2 3 5 |  5.8
Translocations | 3 |  3.4
Shields        | 3 |  3.9

Action                   |  1- 3 |  4- 6 |  7- 9 | 10-12 | 13-15 || total
-------------------------+-------+-------+-------+-------+-------++-------
Melee: Dagger            |    96 |   192 |  1053 |   371 |       ||  1712
       Rapier            |       |       |       |   683 |   477 ||  1160
       Headbutt          |       |       |       |    29 |   150 ||   179
 Cast: Corona            |     3 |       |     1 |       |       ||     4
       Ensorcelled Hiber |    10 |     7 |    57 |    37 |       ||   111
       Confuse           |     3 |     8 |    37 |    47 |     8 ||   103
       Tukima's Dance    |       |       |     5 |    15 |    24 ||    44
       Petrify           |       |       |       |    87 |    47 ||   134
       Blink             |       |       |       |    19 |     3 ||    22
       Yara's Violent Un |       |       |       |    11 |    27 ||    38
       Metabolic Englaci |       |       |       |     8 |    34 ||    42
Evoke: Wand              |       |       |       |    33 |    31 ||    64
       Box of beasts     |       |       |       |     2 |     1 ||     3
       Lamp of fire      |       |       |       |       |     1 ||     1
       Sack of spiders   |       |       |       |       |     1 ||     1
  Use: Potion            |     4 |       |     3 |    13 |     8 ||    28
       Scroll            |       |       |     4 |    20 |     5 ||    29
 Stab: Sleeping          |     7 |     6 |    31 |    29 |    13 ||    86
       Confused          |     1 |     8 |    13 |    31 |       ||    53
       Distracted        |       |       |     1 |     9 |     4 ||    14
       Petrifying        |       |       |       |    30 |    10 ||    40
       Petrified         |       |       |       |    63 |    19 ||    82
       Paralysed         |       |       |       |     7 |       ||     7
       Invisible         |       |       |       |       |     2 ||     2
  Eat: Chunk             |     6 |     8 |    21 |    36 |    26 ||    97
       Ration            |       |       |     2 |    11 |     9 ||    22
Armor: Robe              |     7 |       |       |       |       ||     7
       Leather armour    |    11 |    42 |   310 |   304 |    62 ||   729
       Skin              |    21 |       |       |       |       ||    21
       Acid dragon scale |       |       |       |       |    60 ||    60
Dodge: Dodged            |    40 |    65 |   492 |   549 |   298 ||  1444
Block: Other             |    19 |    29 |   211 |   197 |    42 ||   498
       Reflection        |       |       |     1 |     1 |     5 ||     7
       Buckler           |       |       |       |       |   197 ||   197
